 Dungeon Crawl Stone Soup version 0.32-a0-699-g1ee5eff69a (webtiles) character file.

Game seed: 8627239888301667500

1455 seren the Ruffian (level 8, 0/54 HPs)
             Began as an Octopode Shapeshifter on Mar 13, 2024.
             Was an Initiate of Gozag.
             Killed from afar by a steam dragon (13 damage)
             ... with a ball of steam
             ... on level 6 of the Dungeon.
             The game lasted 00:13:03 (6501 turns).

seren the Ruffian (Octopode Shapeshifter)           Turns: 6501, Time: 00:13:04

Health: 0/54       AC:  1    Str: 16    XL:     8   Next: 76%
Magic:  8/8        EV: 12    Int: 12    God:    Gozag
Gold:   632        SH:  4    Dex: 11    Spells: 7/7 levels left

rFire   . .          .
                       - Unarmed
rCold   . . .        h - +0 buckler
rNeg    . . .        (helmet currently unavailable)
rPois   .            (no amulet)
rElec   .            (no ring)
rCorr   .            (no ring)
SInv    .            (no ring)
Will    .....        (no ring)
Stlth   ++++         (no ring)
HPRegen 0.29/turn    (no ring)
MPRegen 0.11/turn    (no ring)
                     (no ring)

%: no passive effects
@: beast-form
A: beast (slay +3), almost no armour, amphibious, 8 rings, camouflage 1,
gelatinous body 1, (nimble swimmer 1), tentacles
a: Begin Untransformation, Renounce Religion, Potion Petition, Call Merchant,
Bribe Branch


You were on level 6 of the Dungeon.
You worshipped Gozag.
Gozag was pleased with you.
You were a hulking beast.
You visited 2 branches of the dungeon, and saw 7 of its levels.
You also visited: Sewer.

You collected 755 gold pieces.
You spent 56 gold pieces at shops.
You paid 67 gold pieces to Gozag.

Inventory:

Missiles
 l - 2 throwing nets {!f}
 m - 5 javelins
 n - 3 boomerangs
 p - 3 silver javelins (quivered)
Armour
 h - a +0 buckler (worn)
Talismans
 b - a beast talisman (active)
 c - a flux talisman
 e - a maw talisman
Wands
 r - a wand of polymorph (3)
Scrolls
 d - 4 scrolls of teleportation {!r}
 f - 2 scrolls of fear
 i - 2 scrolls of immolation
 k - 3 scrolls of enchant weapon
 x - a scroll of fog {unknown}
Potions
 a - 2 potions of lignification
 g - 2 potions of heal wounds
 j - a potion of enlightenment {unknown}
 o - 4 potions of curing
 q - a potion of haste
 s - a potion of brilliance
 t - 2 potions of magic
 u - 2 potions of resistance {unknown}
 v - a potion of invisibility {unknown}
 w - a potion of experience {unknown}


   Skills:
 + Level 3.7 Fighting
 + Level 4.0 Dodging
 + Level 4.8 Stealth
 + Level 3.1 Shields
 + Level 6.0 Unarmed Combat
 + Level 2.2 Evocations
 * Level 5.5 Shapeshifting


You had 7 spell levels left.
You didn't know any spells.
Your spell library contained the following spells:

 Spells                   Type           Power      Damage    Failure   Level
 Freeze                   Ice            0%         1d3       38%         1
 Slow                     Hex            0%         N/A       38%         1
 Confusing Touch          Hex            0%         N/A       77%         3
 Frozen Ramparts          Ice            0%         1d1       77%         3
 Hailstorm                Conj/Ice       0%         3d5       77%         3
 Vampiric Draining        Necr           0%         2d6       77%         3


Dungeon Overview and Level Annotations

Branches:
Dungeon (6/15)             Temple (1/1) D:4           Sewer (visited)

Altars:
Ashenzari
Fedhas
Gozag
Hepliaklqana
Kikubaaqudgha
Nemelex Xobeh
Sif Muna
Trog
Vehumet
Wu Jian
Yredelemnul
Zin
The Shining One

Shops:
D:5 *

Annotations:
D:4 Dowan, Duvessa
D:5 1 runed translucent door, Crazy Yiuf


Innate Abilities, Weirdness & Mutations

You are a hulking beast.
Your limbs bulge with bestial killing power. (Slay +3)
You cannot wear most types of armour.
You are amphibious.
You can wear up to eight rings at the same time.
Your skin changes colour to match your surroundings (Stealth+).
Your rubbery body absorbs attacks. (AC +1, EV +1)
((You are camouflaged when in or above water. (Stealth+)))
You have tentacles for arms and can constrict up to eight enemies at once.


Message History

Your squeeze misses the steam dragon.
The steam dragon is heavily wounded.
The steam dragon bites you. The steam dragon claws you.
You tentacle-slap the steam dragon but do no damage.
The steam dragon is heavily wounded.
You tentacle-slap the steam dragon.
The steam dragon is severely wounded.
The steam dragon breathes steam at you. The ball of steam misses you.
The steam dragon bites you!
* * * LOW HITPOINT WARNING * * *
The steam dragon claws you.
* * * LOW HITPOINT WARNING * * *
You barely miss the steam dragon.
Your tentacle-slap misses the steam dragon.
The steam dragon is severely wounded.
The steam dragon bites you.
* * * LOW HITPOINT WARNING * * *
The steam dragon claws you.
* * * LOW HITPOINT WARNING * * *
You completely miss the steam dragon. You tentacle-slap the steam dragon.
Your squeeze misses the steam dragon.
The steam dragon is severely wounded.
The steam dragon bites you but does no damage.
The steam dragon barely misses you.
You tentacle-slap the steam dragon but do no damage.
The steam dragon is severely wounded.
The steam dragon closely misses you. The steam dragon claws you.
* * * LOW HITPOINT WARNING * * *
You tentacle-slap the steam dragon. Your squeeze misses the steam dragon.
The steam dragon is severely wounded.
The steam dragon bites you.
* * * LOW HITPOINT WARNING * * *
The steam dragon barely misses you.
You barely miss the steam dragon.
The steam dragon is severely wounded.
The steam dragon breathes steam at you. The ball of steam hits you!
You die...
Your body crumbles into a pile of gold.

.. #####..#.##. .
...##.#....
####.#####.##.####.
.......>..........
........[.......#.
#.###.###.#####.#. #.#
#># #.# #.#.
#.#####.###.###.# #...
#......hD....<#.# #.#.
#..###..ยง##.#...#####.#<
#...................
#).......#....#.####.
#..........#.## # #.
#..####........ #. ....
#........ ##. .....
#...(..######.. ....
..............#


You could see a steam dragon (catching breath).

Vanquished Creatures
  2 water moccasins
  An ice beast (D:6)
  A phantom (D:4)
  A scorpion (D:6)
  3 wights (D:3)
  4 hounds
  4 jellies
  2 gnoll boudas
  2 iguanas
  A sleepcap (D:5)
  4 orc wizards
  11 gnolls
  5 adders
  6 river rats
  A shadow imp (D:5)
  2 white imps
  2 ribbon worms (D:6)
  24 orcs
  14 endoplasms
  6 giant cockroaches
  9 goblins
  7 hobgoblins
  3 jackals (D:3)
  3 quokkas
  13 ball pythons
  5 bats
  6 frilled lizards
  4 kobolds
  15 rats
161 creatures vanquished.

Notes
Turn   | Place    | Note
-------+----------+-------------------------------------------
     0 | D:1      | seren the Octopode Shapeshifter began the quest for the
                  | Orb.
     0 | D:1      | Reached XP level 1. HP: 13/13 MP: 1/1
   130 | D:1      | Reached XP level 2. HP: 14/18 MP: 2/2
   715 | D:2      | Reached XP level 3. HP: 22/23 MP: 3/3
  1158 | D:2      | Reached skill level 1 in Stealth
  1158 | D:2      | Reached XP level 4. HP: 26/28 MP: 4/4
  1464 | D:2      | Found a broken altar of Ashenzari.
  1491 | D:2      | Reached skill level 1 in Shields
  1918 | D:3      | Reached XP level 5. HP: 16/34 MP: 5/5
  2049 | D:3      | Found a shimmering blue altar of Sif Muna.
  2363 | D:3      | Reached skill level 4 in Unarmed Combat
  2384 | D:3      | Reached XP level 6. HP: 20/39 MP: 6/6
  3230 | D:4      | Noticed Duvessa
  3230 | D:4      | Noticed Dowan
  3611 | D:4      | Reached XP level 7. HP: 45/45 MP: 7/7
  3909 | D:4      | Found a staircase to the Ecumenical Temple.
  3933 | Temple   | Entered the Ecumenical Temple
  3939 | Temple   | Became a worshipper of Gozag Ym Sagoz the Greedy
  3991 | D:4      | Found a glowing silver altar of Zin.
  4020 | D:4      | Found a glowing golden altar of the Shining One.
  4124 | D:4      | Reached skill level 5 in Unarmed Combat
  4404 | D:5      | Entered Level 5 of the Dungeon
  4640 | D:5      | Found Kerph's Assorted Antiques.
  4651 | D:5      | Bought a scroll of identify for 56 gold pieces
  5102 | D:5      | Reached XP level 8. HP: 52/52 MP: 8/8
  5116 | D:5      | Reached skill level 1 in Evocations
  5116 | D:5      | Reached skill level 5 in Shapeshifting
  5328 | D:5      | Found a runed translucent door.
  5329 | D:5      | Noticed Crazy Yiuf
  5974 | D:6      | Found a glowing drain.
  5985 | Sewer    | Entered a sewer
  6193 | Sewer    | Found a viscous altar of Jiyva.
  6426 | D:6      | Reached skill level 6 in Unarmed Combat
  6501 | D:6      | Killed from afar by a steam dragon

Illustrated notes

Levels and vault maps discovered:
D:1:      dreamdust_arrival_beginning_and_end, layout_loops_ring,
          supply_closet_lemuel, minmay_pentomino_q4
D:2:      layout_loops_ring, basic_altar, serial_co_window_serial,
          co_window_corner_a, co_window_corner_a, co_window_paths_b,
          co_window_cross_1, co_window_of_opportunity_a, co_window_2corner,
          co_window_corner_b, co_window_corner_cb, co_window_unsneaky_path_a,
          co_window_corner_b, co_window_broadway_b, co_window_of_opportunity_c,
          co_window_4corner_b, glass_columns_a, glass_columns_c,
          glass_columns_a, glass_columns_b
D:3:      layout_loops_corners, lemuel_round_altar
D:4:      layout_loops_ring, zin_scriptorium, tso_oasis_becter,
          minmay_temple_entry_glassed_door, uniq_duvessa
D:5:      layout_loops_corners, serial_shops, nicolae_shop_tiny_statue_garden,
          serial_demonic, serial_demonic_a, serial_demonic_b, serial_demonic_b,
          serial_demonic_g, serial_demonic_b, uniq_crazy_yiuf_cottage
D:6:      layout_loops_ring, gammafunk_ghost_gnarly_gnolls,
          gup_sewer_entry_bubbles, hangedman_decor_growths, item_on_display_a
Temple:   hellmonk_temple_rainy

Skill      XL: |  1  2  3  4  5  6  7  8 |
---------------+-------------------------+-----
Stealth        | 1 2 3 4 |  4.8
Shields        | 1 2 3 |  3.1
Fighting       | 2 3 |  3.7
Unarmed Combat | 4 5 6 |  6.0
Shapeshifting  | 4 5 |  5.5
Dodging        | 3 4 |  4.0
Evocations     | 2 |  2.2

Action                     |  1- 3 |  4- 6 |  7- 9 || total
---------------------------+-------+-------+-------++-------
  Melee: Unarmed           |    50 |    92 |   156 ||   298
         Constrict         |    13 |    25 |    43 ||    81
         Tentacles         |     8 |    25 |    34 ||    67
         Punch             |     1 |     1 |    12 ||    14
  Throw: Javelin           |       |     2 |     6 ||     8
    Use: Scroll            |       |     3 |     5 ||     8
         Potion            |       |       |     1 ||     1
   Stab: Distracted        |     1 |       |     1 ||     2
         Sleeping          |     4 |     9 |     8 ||    21
 Armour: Skin              |    16 |    45 |    64 ||   125
  Dodge: Dodged            |    21 |    37 |    52 ||   110
  Block: Buckler           |     4 |    13 |    12 ||    29

Table legend: (Time is in decaauts)
 A = Elapsed time spent in this place.
 B = Non-inter-level travel time spent in this place.
 C = Inter-level travel time spent in this place.
 D = Time resting spent in this place.
 E = Time spent auto-exploring this place.
 F = Levels seen in this place.
 G = Mean time per level.
                   A        B        C        D        E       F      G
               +--------+--------+--------+--------+--------+-----+--------+
         Total |   6492 |   6296 |    196 |   1074 |   3442 |   8 |  811.5 |
       Dungeon |   6182 |   5986 |    196 |   1057 |   3385 |   6 | 1030.3 |
        Temple |     12 |     12 |      0 |      0 |      0 |   1 |   12.0 |
         Sewer |    297 |    297 |      0 |     17 |     57 |   1 |  297.0 |
               +--------+--------+--------+--------+--------+-----+--------+

Top non-repeatable levels by time:
     D:3: 1616 daAuts
     D:5: 1481 daAuts
     D:2: 1044 daAuts
     D:4: 1020 daAuts
     D:1: 706 daAuts
     D:6: 312 daAuts
   Sewer: 297 daAuts
  Temple: 12 daAuts
